 Seeded DCSS version 0.29.1-12-g30fa7ad0bf (webtiles) character file.

Game seed: 7473813798098753033 (custom seed)

19 lotusamurai3 the Covered (level 2, 19/19 HPs)
             Began as a Tengu Fighter on Dec 20, 2022.
             Quit the game on level 1 of the Dungeon on Dec 24, 2022.
             The game lasted 00:00:38 (516 turns).

lotusamurai3 the Covered (Tengu Fighter)             Turns: 516, Time: 00:00:38

Health: 19/19      AC:  6    Str: 16    XL:     2   Next: 75%
Magic:  3/3        EV:  9    Int:  8    God:
Gold:   7          SH:  4    Dex: 13    Spells: 1/1 levels left

rFire   . . .      SeeInvis .   a - +0 trident
rCold   . . .      Faith    .   c - +0 buckler
rNeg    . . .      Spirit   .   b - +0 scale mail
rPois   .          Reflect  .   (helmet restricted)
rElec   .          Harm     .   (no cloak)
rCorr   .          Rampage  .   (no gloves)
Will    .....                   (boots unavailable)
Stlth   ..........              (no amulet)
HPRegen 0.06/turn               (no ring)
MPRegen 0.08/turn               (no ring)

@: no status effects
A: beak, talons 3
a: no special abilities


You were on level 1 of the Dungeon.
You visited 1 branch of the dungeon, and saw 1 of its levels.

You collected 7 gold pieces.

Inventory:

Hand Weapons
 a - a +0 trident (weapon)
Armour
 b - a +0 scale mail (worn)
 c - a +0 buckler (worn)
Scrolls
 f - a scroll of fear {unknown}
 g - a scroll of silence {unknown}
Potions
 d - a potion of might
 e - 2 potions of cancellation {unknown}


   Skills:
 + Level 3.2 Fighting
 + Level 2.6 Polearms
 + Level 3.5 Armour
 + Level 1.0 Dodging
 - Level 3.0 Shields


You had one spell level left.
You didn't know any spells.
Your spell library was empty.

Dungeon Overview and Level Annotations

Branches:
Dungeon (1/15)

Altars:


Innate Abilities, Weirdness & Mutations

You have a beak for a mouth.
You have claws for feet.


Message History

A kobold comes into view. It is wielding a +0 whip.
The kobold throws a stone.
The stone hits you but does no damage.
You reach to attack!
You closely miss the kobold. You hit the kobold but do no damage.
The kobold hits you but does no damage.
You barely miss the kobold. Your peck misses the kobold.
The kobold closely misses you.
You hit the kobold but do no damage. Your kick misses the kobold.
Your peck misses the kobold. The kobold hits you but does no damage.
The kobold misses you. You block the kobold's attack.
The kobold closely misses you.
You miss the kobold. The kobold hits you but does no damage.
The kobold barely misses you.
You puncture the kobold!
You kill the kobold!
The kobold hits you with a +0 whip.
You closely miss the kobold. Your peck misses the kobold.
The kobold hits you with a +0 whip.
A kobold is nearby!
You barely miss the kobold. The kobold closely misses you.
A kobold is nearby!
You closely miss the kobold. The kobold hits you with a +0 whip. x2
You are too injured to fight recklessly!
You are too injured to fight recklessly!
You barely miss the kobold. Your peck misses the kobold.
The kobold hits you but does no damage.
You hit the kobold.
You kill the kobold!
You see here a +0 whip.
A rat comes into view.
A rat is nearby!
A rat is nearby!
A rat is nearby!
Found a quarterstaff.
You reach to attack!
You hit the rat.
You kill the rat!
No target in view!
Welcome back, lotusamurai3 the Tengu Fighter.
Game seed: 7473813798098753033 (custom seed) Press ? for a list of commands and other information.
Are you sure you want to abandon this character and quit the game? (Confirm with "yes".)

.. ..# #.... #. #.# ###
#.... . #. #.# #.# #....
## .. ... #. #.# #.#
####. .# ..#.
.$..#.###.# #.######...
.##.#..
#^...##.###.>..##...#
.......
##.####.....(...#.##...#
.......
)...........)####.....P#
....... ##$####@######
####...' ....... #.#
#..P# ....... ..# ##..#
....... #..# #######..#
....... #... ..........
####### #... ######....
# #... ##### .....


There were no monsters in sight!

Vanquished Creatures
  A dart slug (D:1)
  A goblin (D:1)
  A hobgoblin (D:1)
  A quokka (D:1)
  4 ball pythons (D:1)
  2 bats (D:1)
  A frilled lizard (D:1)
  5 kobolds (D:1)
  2 rats (D:1)
18 creatures vanquished.

Notes
Turn   | Place    | Note
-------+----------+-------------------------------------------
     0 | D:1      | lotusamurai3 the Tengu Fighter began the quest for the Orb.
     0 | D:1      | Reached XP level 1. HP: 14/14 MP: 2/2
   165 | D:1      | Reached XP level 2. HP: 19/19 MP: 3/3
   290 | D:1      | Reached skill level 1 in Dodging
   323 | D:1      | Found a faded altar of an unknown god.
   323 | D:1      | Noticed a hellwing
   516 | D:1      | Quit the game

Illustrated notes

Levels and vault maps discovered:
D:1:      dpeg_arrival_tiny_a, layout_rooms,
          dreamdust_ecumenical_altar_sealed_demon, minmay_splitting_lines,
          st_stairs_12

Skill      XL: |  1  2 |
---------------+-------+-----
Dodging        | 1 |  1.0
Fighting       | |  3.2
Polearms       | |  2.6
Armour         | |  3.5
Shields        | |  3.0

Action                   || total
-------------------------++-------
Melee: Trident           ||    48
       Kick              ||     5
       Peck              ||     4
Armor: Scale mail        ||    11
Dodge: Dodged            ||    14
Block: Buckler           ||     9
